 Dungeon Crawl Stone Soup version 0.20.1-1-g8b1a95d (webtiles) character file.

111 Dawnplanks the Skirmisher (level 4, -8/37 HPs)
             Began as a Demonspawn Abyssal Knight on Nov 25, 2017.
             Was a Believer of Lugonu.
             Mangled by Dawnplanks's ghost (11 damage)
             ... on level 4 of the Dungeon.
             The game lasted 00:09:44 (1908 turns).

Dawnplanks the Skirmisher (DsAK)                    Turns: 1908, Time: 00:09:45

Health: -8/37      AC: 13    Str: 18    XL:     4   Next: 62%
Magic:  6/6        EV:  9    Int: 13    God:    Lugonu [**....]
Gold:   183        SH:  5    Dex: 13    Spells: 3/3 levels left

rFire    . . .     SeeInvis .   a - +1 hand axe
rCold    . . .     Gourm    .   z - +2 buckler
rNeg     . . .     Faith    .   g - +0 ring mail
rPois    .         Spirit   .   (no helmet)
rElec    .         Reflect  .   (no cloak)
rCorr    .         Harm     .   (no gloves)
MR       .....                  (no boots)
Stlth    +.........             (no amulet)
Regen    0.2/turn               f - +6 ring of protection
MPRegen  0.1/turn               (no ring)

@: mighty, very heavily drained
A: slimy green scales 1, spiny 1, rot immunity
a: Depart the Abyss, Bend Space, Renounce Religion


You were on level 4 of the Dungeon.
You worshipped Lugonu.
Lugonu was pleased with you.
You were not hungry.

You visited 1 branch of the dungeon, and saw 4 of its levels.
You visited the Abyss 1 time.

You collected 183 gold pieces.

Inventory:

Hand Weapons
 a - a +1 hand axe (weapon)
Missiles
 m - 139 stones (quivered)
Armour
 b - a +0 leather armour
 g - a +0 ring mail (worn)
 w - a +0 shield
 z - a +2 buckler (worn)
Jewellery
 f - a +6 ring of protection (left hand)
Wands
 q - a wand of confusion (14/48)
 y - a wand of random effects (29/48)
Scrolls
 d - 2 scrolls of amnesia
 e - a scroll of remove curse
 h - a scroll of magic mapping {unknown}
 i - 5 scrolls of identify
 k - 2 scrolls of enchant armour {unknown}
 p - a scroll of fog {unknown}
 r - 2 scrolls of teleportation {unknown}
 u - a scroll of immolation {unknown}
Potions
 j - a potion of brilliance {unknown}
 l - 2 potions of curing {unknown}
 o - a potion of flight {unknown}
 s - 2 potions of ambrosia {unknown}
 t - a potion of magic {unknown}
 v - a potion of might
 x - a potion of degeneration {unknown}
Comestibles
 c - 2 bread rations
 n - 7 fruits


   Skills:
 + Level 4.0(1.1) Fighting
 + Level 2.8(0.1) Axes
 + Level 2.4(0.0) Armour
 + Level 1.1(0.0) Dodging
 + Level 3.2(0.4) Invocations


You had 3 spell levels left.
You didn't know any spells.

Dungeon Overview and Level Annotations

Branches:
Dungeon (4/15)
 Temple: D:4-7

Altars:

Annotations:
D:4 Dawnplanks's ghost, amateur DsAK


Innate Abilities, Weirdness & Mutations

You are partially covered in slimy green scales. (AC +2)
You are partially covered in sharp spines.
You are immune to rotting.


Message History

Dawnplanks's ghost hits you!
You feel drained.
* * * LOW HITPOINT WARNING * * *
You hit Dawnplanks's ghost.
Dawnplanks's ghost is heavily damaged.
Dawnplanks's ghost hits you but does no damage.
You feel drained.
You hit Dawnplanks's ghost.
Dawnplanks's ghost is heavily damaged.
Dawnplanks's ghost hits you.
* * * LOW HITPOINT WARNING * * *
You feel drained.
* * * LOW HITPOINT WARNING * * *
Dawnplanks's ghost hits you.
* * * LOW HITPOINT WARNING * * *
You feel drained.
* * * LOW HITPOINT WARNING * * *
You slash Dawnplanks's ghost!
Dawnplanks's ghost is severely damaged.
Dawnplanks's ghost hits you!
You die...

#)# .#..# #. #.# .#..#
.. ###.##.#..# . ..
##.#.......#
#.#.#####.#........# ###
#.#.#.##.###.##.######..
#.......## ##...##......
####....## ##.###.###..
.......W@##
##.##........
......#..#.###.##
.#.###..
.#######.##.#.## #......
#...##.## #####..
#...#### ### #...# #.
#...########.## #
#.............#
#.######....###..##..#


You could see Dawnplanks's ghost.

Vanquished Creatures
  5 adders
  2 worms (D:3)
  11 bats
  5 giant cockroaches
  5 goblins
  7 hobgoblins
  7 jackals
  A quokka (D:3)
  4 frilled lizards
  5 kobolds
  8 rats
60 creatures vanquished.

Notes
Turn   | Place    | Note
-------+----------+-------------------------------------------
     0 | Abyss:1  | Dawnplanks the Demonspawn Abyssal Knight began the quest for the Orb.
     0 | Abyss:1  | Reached XP level 1. HP: 18/18 MP: 2/2
     5 | Abyss:1  | Found a corrupted altar of Lugonu.
     8 | Abyss:1  | Found a corrupted altar of Lugonu.
    22 | D:1      | Escaped the Abyss
   186 | D:1      | Gained mutation: You are partially covered in slimy green scales. (AC +2) [demonic ancestry]
   186 | D:1      | Reached XP level 2. HP: 17/24 MP: 3/3
   497 | D:1      | Reached ** piety under Lugonu
   743 | D:2      | Gained mutation: You are partially covered in sharp spines. [demonic ancestry]
   743 | D:2      | Reached XP level 3. HP: 26/29 MP: 5/5
  1320 | D:3      | Gained mutation: You are immune to rotting. [demonic ancestry]
  1320 | D:3      | Reached XP level 4. HP: 37/37 MP: 6/6
  1384 | D:3      | Reached skill level 1 in Dodging
  1653 | D:3      | Reached skill level 4 in Fighting
  1888 | D:4      | Noticed Dawnplanks's ghost (amateur DsAK)
  1908 | D:4      | Mangled by Dawnplanks's ghost

Skill      XL: |  1  2  3  4 |
---------------+-------------+-----
Armour         | 2 |  2.4
Axes           | 2 |  2.8
Invocations    | 3 |  3.2
Dodging        | 1 |  1.1
Fighting       | 4 |  4.0

Action                   |  1- 3 |  4- 6 || total
-------------------------+-------+-------++-------
Melee: Hand axe          |    90 |    47 ||   137
  Use: Scroll            |       |     3 ||     3
       Potion            |       |     1 ||     1
  Eat: Chunk             |     1 |     2 ||     3
Armor: Leather armour    |    11 |       ||    11
       Ring mail         |    41 |    21 ||    62
Dodge: Dodged            |    51 |    16 ||    67
Block: Buckler           |       |     5 ||     5
